 Dungeon Crawl Stone Soup version 0.27.1 (webtiles) character file.

Game seed: 14790870592555361845

99 Tsarbomb the Chopper (level 4, -1/40 HPs)
             Began as a Hill Orc Fighter on Sept 4, 2021.
             Was an Initiate of Nemelex Xobeh.
             Killed from afar by Sigmund (8 damage)
             ... with a magic dart
             ... on level 2 of the Dungeon.
             The game lasted 00:07:15 (2407 turns).

Tsarbomb the Chopper (Hill Orc Fighter)             Turns: 2407, Time: 00:07:15

Health: -1/40      AC:  6    Str: 19    XL:     4   Next: 72%
Magic:  4/4        EV:  7    Int: 14    God:    Nemelex Xobeh [......]
Gold:   114        SH:  9    Dex: 10    Spells: 3/3 levels left

rFire    . . .     SeeInvis .   a - +0 war axe
rCold    . . .     Faith    .   c - +0 kite shield
rNeg     . . .     Spirit   .   b - +0 scale mail
rPois    .         Reflect  .   (no helmet)
rElec    .         Harm     .   (no cloak)
rCorr    .         Rampage  .   (no gloves)
Will     .....                  (no boots)
Stlth    ..........             (no amulet)
HPRegen  0.13/turn              g - +6 ring of intelligence
MPRegen  0.09/turn              (no ring)

@: lethally poisoned (-1 -> -14), flying, hasted, very quick
A: no striking features
a: Renounce Religion, Draw Escape, Draw Destruction, Draw Summoning


You were on level 2 of the Dungeon.
You worshipped Nemelex Xobeh.
Nemelex Xobeh was noncommittal.
You visited 1 branch of the dungeon, and saw 3 of its levels.

You collected 114 gold pieces.

Inventory:

Hand Weapons
 a - a +0 war axe (weapon)
Missiles
 n - 50 stones (quivered)
Armour
 b - a +0 scale mail (worn)
 c - a +0 kite shield (worn)
Jewellery
 g - a +6 ring of intelligence (left hand)
Scrolls
 i - a scroll of blinking {unknown}
 l - a scroll of identify {unknown}
 m - a scroll of enchant weapon {unknown}
 o - a scroll of summoning {unknown}
Potions
 f - a potion of mutation {unknown}
 h - 2 potions of curing {unknown}
 j - a potion of heal wounds {unknown}
 k - a potion of degeneration {unknown}


   Skills:
 - Level 3.7 Fighting
 * Level 6.0 Axes
 - Level 3.3 Armour
 - Level 3.3 Shields
 - Level 0.4 Necromancy
 * Level 0.4 Invocations


You had 3 spell levels left.
You didn't know any spells.
Your spell library contained the following spells:

 Spells                   Type           Power      Damage    Failure   Level
 Pain                     Necr           4%         1d4       97%         1
 Corpse Rot               Necr/Air       N/A        N/A       99%         2
 Sublimation of Blood     Necr           0%         N/A       99%         2
 Vampiric Draining        Necr           0%         2d6       100%        3


Dungeon Overview and Level Annotations

Branches:
Dungeon (3/15)

Altars:
Kikubaaqudgha
Nemelex Xobeh

Annotations:
D:2 1 exclusion, Sigmund


Message History

Sigmund appears from thin air!
Reactivating autopickup.
Sigmund barely misses you.
Sigmund points at you and mumbles some strange words.
You resist with some effort.
You closely miss Sigmund. Sigmund hits you but does no damage.
You slash Sigmund!
Sigmund is moderately wounded.
Sigmund barely misses you.
You closely miss Sigmund.
Sigmund is moderately wounded.
Sigmund laughs darkly.
Sigmund casts a spell at you.
You are confused.
You hit Sigmund.
Sigmund is moderately wounded.
Sigmund hits you with a +1 scythe of venom!
You are poisoned.
You closely miss Sigmund.
Sigmund is moderately wounded.
You feel very sick. Sigmund closely misses you.
It was a potion of haste.
You feel yourself speed up.
You feel sick.
Sigmund hits you with a +1 scythe of venom.
* * * LOW HITPOINT WARNING * * *
You are lethally poisoned!
You bump into the rock wall.
* * * LOW HITPOINT WARNING * * *
You feel very sick.
It was a potion of flight.
You feel very buoyant.
You fly up into the air.
You feel less confused.
* * * LOW HITPOINT WARNING * * *
You feel sick.
Sigmund says, "You will soon forget everything."
Sigmund points at you and mumbles some strange words.
The magic dart hits you!
You die...
Your body disappears without a glow.

########.#####..# #...
#.........# #..# #...
#.......#.## #..# #...
#.......#..###..# #...
#...........##..#####@..
#.......[...##..........
#...........##.######...
#......@###)##.# #...
####+#......@###.##.######.##
#............##.............
#
#............##.#.#.######..
#
#............##{#...........#
#
#............##.#....##.....#
# #.....#####.....#..>.# ...
# #...).#.........#....# . #
####'##..............# #
#.##..............#


You could see Sigmund.

Vanquished Creatures
  A killer bee zombie (D:3)
  An ogre zombie (D:3)
  3 adders
  An adder zombie (D:3)
  A dart slug (D:3)
  4 orcs (D:3)
  3 ball pythons (D:1)
  2 endoplasms
  3 giant cockroaches
  3 goblins
  4 hobgoblins (D:1)
  3 kobolds
  A quokka (D:3)
  3 bats
  7 frilled lizards
  A goblin zombie (D:3)
  11 rats
52 creatures vanquished.

Notes
Turn   | Place    | Note
-------+----------+-------------------------------------------
     0 | D:1      | Tsarbomb the Hill Orc Fighter began the quest for the Orb.
     0 | D:1      | Reached XP level 1. HP: 19/19 MP: 1/1
   124 | D:1      | Reached skill level 3 in Axes
   144 | D:1      | Reached XP level 2. HP: 27/27 MP: 2/2
   268 | D:1      | Found a faded altar of an unknown god.
   279 | D:1      | Became a worshipper of Kikubaaqudgha
   279 | D:1      | Reached * piety under Kikubaaqudgha
   279 | D:1      | Received a gift from Kikubaaqudgha
   423 | D:1      | Reached skill level 4 in Axes
   689 | D:1      | Reached XP level 3. HP: 23/33 MP: 3/3
  1300 | D:2      | Reached skill level 5 in Axes
  1562 | D:2      | Noticed Sigmund
  1752 | D:3      | Reached ** piety under Kikubaaqudgha
  1783 | D:3      | Noticed an ogre
  1860 | D:3      | Reached XP level 4. HP: 40/40 MP: 4/4
  1971 | D:3      | Found a sparkling altar of Nemelex Xobeh.
  1976 | D:3      | Fell from the grace of Kikubaaqudgha
  1976 | D:3      | Became a worshipper of Nemelex Xobeh the Trickster
  2080 | D:3      | Reached skill level 6 in Axes
  2339 | D:3      | Noticed a necrophage
  2407 | D:2      | Killed from afar by Sigmund

Illustrated notes

Levels and vault maps discovered:
D:1:      dpeg_arrival_tiny_a, layout_basic, hellmonk_ecumenical_altar_lost_god,
          roderic_serpentine_path, minmay_rat_gold_closets
D:2:      layout_basic, uniq_sigmund
D:3:      cheibrodos_old_hovel, layout_loops_corners, mainiacjoe_overflow_paths,
          grunt_ashenzari_visionary [grunt_ashenzari_visionary_shoals,
          grunt_ashenzari_visionary_snake], lemuel_doored_altar, uniq_grinder

Skill      XL: |  1  2  3  4 |
---------------+-------------+-----
Axes           | 3 4 5 6 |  6.0
Fighting       | |  3.7
Armour         | |  3.3
Shields        | |  3.3
Necromancy     | |  0.4
Invocations    | |  0.4

Action                   |  1- 3 |  4- 6 || total
-------------------------+-------+-------++-------
Melee: War axe           |   111 |    60 ||   171
Invok: Receive Corpses   |       |     1 ||     1
  Use: Scroll            |     2 |       ||     2
       Potion            |       |     3 ||     3
Armor: Scale mail        |    55 |    27 ||    82
Dodge: Dodged            |    36 |    27 ||    63
Block: Kite shield       |    51 |    31 ||    82
